 Dungeon Crawl Stone Soup version 0.23-a0-650-ga4d50d4 (webtiles) character file.

56 dondy the Chopper (level 3, -3/31 HPs)
             Began as a Hill Orc Monk on Jan 6, 2019.
             Slain by a crocodile (11 damage)
             ... in a sewer.
             The game lasted 00:04:37 (1149 turns).

dondy the Chopper (Hill Orc Monk)                   Turns: 1149, Time: 00:04:38

Health: -3/31      AC:  6    Str: 14    XL:     3   Next: 95%
Magic:  3/3        EV: 17    Int: 10    God:
Gold:   34         SH:  0    Dex: 18    Spells: 2/2 levels left

rFire    . . .     SeeInvis .   a - +0 hand axe
rCold    . . .     Gourm    .   (no shield)
rNeg     . . .     Faith    .   i - +0 ring mail
rPois    .         Spirit   .   (no helmet)
rElec    .         Reflect  .   (no cloak)
rCorr    .         Harm     .   m - +0 pair of gloves
MR       .....                  (no boots)
Stlth    ++........             (no amulet)
HPRegen  0.10/turn              k - +1 ring of evasion
MPRegen  0.08/turn              (no ring)

@: agile, drained
A: no striking features
a: no special abilities


You were in a sewer.
You were not hungry.

You visited 1 branch of the dungeon, and saw 3 of its levels.
You also visited: Sewer.

You collected 34 gold pieces.

Inventory:

Hand Weapons
 a - a +0 hand axe (weapon)
 q - a +2 short sword of draining
Armour
 b - a +0 robe
 i - a +0 ring mail (worn)
 m - a +0 pair of gloves (worn)
Jewellery
 k - a +1 ring of evasion (left hand)
Scrolls
 e - 2 scrolls of teleportation {unknown}
 g - a scroll of amnesia {unknown}
 h - 2 scrolls of identify {unknown}
 o - a scroll of random uselessness {unknown}
Potions
 d - a potion of haste {unknown}
 f - a potion of agility
 l - a potion of resistance {unknown}
 n - 2 potions of cancellation {unknown}
 p - a potion of curing {unknown}
 r - a potion of flight {unknown}
 s - a potion of heal wounds {unknown}
 t - a potion of mutation {unknown}
Comestibles
 c - 3 rations
 j - 3 chunks of flesh


   Skills:
 - Level 3.6(3.4) Fighting
 + Level 6.3(6.0) Axes
 - Level 2.4(2.2) Dodging
 - Level 1.5(1.3) Stealth


You had 2 spell levels left.
You didn't know any spells.
Your spell library was empty.

Dungeon Overview and Level Annotations

Branches:
Dungeon (3/15)

Altars:

Annotations:
D:2 Terence


Message History

The crocodile is lightly wounded.
The crocodile bites you!
Some of the chunks of flesh in your inventory have rotted away.
You barely miss the crocodile.
The crocodile is lightly wounded.
The crocodile misses you.
You hit the crocodile.
The crocodile is moderately wounded.
The crocodile bites you!
* * * LOW HITPOINT WARNING * * *
You hit the crocodile but do no damage.
The crocodile is moderately wounded.
The crocodile bites you but does no damage.
You hit the crocodile but do no damage.
The crocodile is moderately wounded.
The crocodile bites you but does no damage.
Your ring mail prevents you from hitting the crocodile.
The crocodile is moderately wounded.
The crocodile bites you!
You die...

### ## ## .≈.##
#[$ ###.. .≈.≈.###
[.##≈.. #.≈.≈.###
###≈...≈ #≈..≈.##
#..≈≈..## ##.≈≈.≈.
#..≈..###
###.≈.≈.##
#t@.≈.####.≈.≈.###
###....≈...≈.###
###.≈....###
########


You could see a crocodile.

Vanquished Creatures
  2 adders (D:3)
  A worm (D:3)
  A leopard gecko (D:1)
  An orc (D:3)
  A ball python (D:3)
  3 bats
  A goblin (D:1)
  4 hobgoblins
  7 jackals
  A quokka (D:3)
  A frilled lizard (D:1)
  3 kobolds (Sewer)
  4 rats
30 creatures vanquished.

Notes
Turn   | Place    | Note
-------+----------+-------------------------------------------
     0 | D:1      | dondy the Hill Orc Monk began the quest for the Orb.
     0 | D:1      | Reached XP level 1. HP: 19/19 MP: 1/1
     6 | D:1      | Noticed a worker ant
     6 | D:1      | Noticed an anaconda
     6 | D:1      | Noticed a polar bear
     7 | D:1      | Noticed a wolf
     7 | D:1      | Noticed a lindwurm
   274 | D:2      | Noticed Terence
   341 | D:1      | Reached XP level 2. HP: 26/26 MP: 2/2
   540 | D:2      | Reached skill level 5 in Axes
   857 | D:3      | Reached XP level 3. HP: 27/31 MP: 3/3
   908 | D:3      | Reached skill level 6 in Axes
   944 | D:3      | Found a glowing drain.
   981 | Sewer    | Entered a sewer
  1136 | Sewer    | Noticed a crocodile
  1149 | Sewer    | Slain by a crocodile

Vault maps used:
D:1:      onia_arrival_zoo_common
D:2:      uniq_sigmund, uniq_terence
D:3:      first_ration, cheibrodos_sewer_entry_bend
Sewer:    sewer_the_crocodile

Skill      XL: |  1  2  3 |
---------------+----------+-----
Axes           | 5 6 |  6.3
Fighting       | |  3.6
Dodging        | |  2.4
Stealth        | |  1.5

Action                   || total
-------------------------++-------
Melee: Hand axe          ||   116
  Use: Potion            ||     1
 Stab: Sleeping          ||     1
  Eat: Chunk             ||     1
Armor: Robe              ||     2
       Ring mail         ||    32
Dodge: Dodged            ||    74

Table legend:
 A = Non-vault XP
 B = Vault XP
 C = Vault XP percentage of total XP
 D = Non-vault monster count
 E = Vault monster count
 F = Vault count percentage of total count
                 A         B        C        D         E       F
            +---------+---------+-------+---------+---------+-------
      Total |      72 |       8 |  10.0 |      25 |       5 |  16.7
            +---------+---------+-------+---------+---------+-------
        D:1 |      15 |       0 |   0.0 |       8 |       0 |   0.0
        D:2 |       4 |       0 |   0.0 |       3 |       0 |   0.0
        D:3 |      53 |       0 |   0.0 |      14 |       0 |   0.0
      Sewer |       0 |       8 | 100.0 |       0 |       5 | 100.0
            +---------+---------+-------+---------+---------+-------
